 Dungeon Crawl Stone Soup version 0.24.0-13-gcf9b319 (webtiles) character file.

Game seed: 8338794020509385991, levelgen mode: deterministic

171 Bronimir the Ruffian (level 5, 12/40 HPs)
             Began as a Draconian Transmuter on Apr 4, 2020.
             Starved to death
             ... on level 3 of the Dungeon.
             The game lasted 00:03:24 (2016 turns).

Bronimir the Ruffian (Draconian Transmuter)         Turns: 2016, Time: 00:03:24

Health: 12/40      AC:  6    Str: 13    XL:     5   Next: 26%
Magic:  9/9        EV: 12    Int: 18    God:
Gold:   66         SH:  0    Dex: 12    Spells: 3/9 levels left

rFire    . . .     SeeInvis .     - Unarmed
rCold    . . .     Gourm    .   (no shield)
rNeg     . . .     Faith    .   (armour unavailable)
rPois    .         Spirit   .   (helmet restricted)
rElec    .         Reflect  .   n - +0 cloak
rCorr    .         Harm     .   (no gloves)
MR       .....                  (no boots)
Stlth    +.........             (no amulet)
HPRegen  0.13/turn              (no ring)
MPRegen  0.11/turn              (no ring)

@: brilliant, fainting
A: unfitting armour, cold-blooded, AC +5
a: no special abilities


You were on level 3 of the Dungeon.
You were fainting.

You visited 1 branch of the dungeon, and saw 3 of its levels.

You collected 66 gold pieces.

Inventory:

Hand Weapons
 b - a +0 hunting sling
Missiles
 a - 32 arrows
 e - 18 bolts
 f - 22 poisoned darts
 g - 62 stones (quivered)
 m - 18 sling bullets
Armour
 n - a +0 cloak (worn)
Scrolls
 d - a scroll of magic mapping {unknown}
 j - a scroll of identify {unknown}
 k - a scroll of noise {unknown}
 l - a scroll of remove curse {unknown}
 o - a scroll of fear {unknown}
 p - a scroll of amnesia {unknown}
 q - a scroll of enchant weapon {unknown}
Potions
 i - a potion of curing


   Skills:
 + Level 1.6 Fighting
 + Level 1.2 Slings
 + Level 2.2 Dodging
 + Level 0.4 Stealth
 * Level 4.3 Unarmed Combat
 * Level 2.7 Spellcasting
 * Level 2.7 Transmutations
 * Level 0.1 Poison Magic


You had 3 spell levels left.
You knew the following spells:

 Your Spells              Type           Power        Failure   Level  Hunger
a - Beastly Appendage     Tmut           ###...       1%          1    #......
b - Sticks to Snakes      Tmut           ###.....     1%          2    ##.....
c - Spider Form           Tmut/Pois      ###.......   3%          3    ###....

Your spell library contained the following spells:

 Spells                   Type           Power        Failure   Level  Hunger
 Ice Form                 Ice/Tmut       ###.....     11%         4    #####..
 Blade Hands              Tmut           ###.......   16%         5    ######.


Dungeon Overview and Level Annotations

Branches:
Dungeon (3/15)

Altars:


Innate Abilities, Weirdness & Mutations

Your plain brown scales are hard. (AC +5)
You cannot fit into any form of body armour.
You are cold-blooded and may be slowed by cold attacks.


Message History

The hungry ghost is severely damaged.
The hungry ghost hits you.
You feel slightly more hungry.
You closely miss the hungry ghost.
The hungry ghost is severely damaged.
The hungry ghost hits you.
You feel slightly more hungry.
You closely miss the hungry ghost.
Your tail-slap misses the hungry ghost.
The hungry ghost is severely damaged.
The hungry ghost hits you.
* * * LOW HITPOINT WARNING * * *
You feel slightly more hungry.
You closely miss the hungry ghost.
The hungry ghost is severely damaged.
The hungry ghost hits you.
You feel slightly more hungry.
You barely miss the hungry ghost.
The hungry ghost is severely damaged.
The hungry ghost hits you.
You miss the hungry ghost.
The hungry ghost is heavily damaged.
You have starved to death.
You die...

#.)#
###.###
#.....#
##.....#
#......#
##h....#
#hh...#
#W#####
#@# #.#
..# ####


You could see a hungry ghost and 3 jackals.

Vanquished Creatures
  Natasha (D:2)
  An adder (D:2)
  2 dart slugs (D:1)
  2 leopard geckos
  2 bats
  A giant cockroach (D:1)
  3 goblins
  4 hobgoblins
  5 jackals
  2 frilled lizards
  3 kobolds (D:1)
  2 rats (D:2)
28 creatures vanquished.

Vanquished Creatures (collateral kills)
  Sigmund (D:2)
1 creature vanquished.

Grand Total: 29 creatures vanquished

Notes
Turn   | Place    | Note
-------+----------+-------------------------------------------
     0 | D:1      | Bronimir the Draconian Transmuter began the quest for the
                  | Orb.
     0 | D:1      | Reached XP level 1. HP: 16/16 MP: 3/3
   410 | D:1      | Reached XP level 2. HP: 13/23 MP: 3/5
   809 | D:1      | Learned a level 2 spell: Sticks to Snakes
  1287 | D:2      | Noticed Sigmund
  1550 | D:2      | Noticed Natasha
  1562 | D:2      | Killed Natasha
  1562 | D:2      | Reached XP level 3. HP: 13/28 MP: 1/6
  1566 | D:2      | Killed Sigmund
  1566 | D:2      | Reached skill level 1 in Slings
  1566 | D:2      | Reached skill level 4 in Unarmed Combat
  1566 | D:2      | Reached XP level 4. HP: 17/35 MP: 1/8
  1566 | D:2      | Reached XP level 5. HP: 20/40 MP: 1/9
  1750 | D:2      | Learned a level 3 spell: Spider Form
  1941 | D:2      | Noticed a hungry ghost
  2016 | D:3      | Starved to death

Levels and vault maps discovered:
D:1:      minmay_arrival_split_and_join, layout_rooms, serial_forest,
          infiniplex_forest_corner_1, infiniplex_forest_lined_2,
          infiniplex_forest_zigzag_1, infiniplex_forest_split,
          infiniplex_forest_straight_4, infiniplex_forest_end_1
D:2:      layout_loops_corners, chequers_ecumenical_altar_twisty, uniq_natasha,
          uniq_sigmund
D:3:      layout_loops_corners, minmay_pentangle

Skill      XL: |  1  2  3 |
---------------+----------+-----
Dodging        | 2 |  2.2
Slings         | 1 |  1.2
Unarmed Combat | 4 |  4.3
Fighting       | |  1.6
Stealth        | |  0.4
Spellcasting   | |  2.7
Transmutations | |  2.7
Poison Magic   | |  0.1

Action                   |  1- 3 |  4- 6 || total
-------------------------+-------+-------++-------
Melee: Unarmed           |    79 |    48 ||   127
       Tailslap          |     5 |     1 ||     6
       Kick              |     4 |       ||     4
       Headbutt          |     4 |       ||     4
       Punch             |     1 |       ||     1
 Fire: Hunting sling     |    24 |       ||    24
 Cast: Beastly Appendage |     4 |     2 ||     6
       Sticks to Snakes  |     2 |       ||     2
       Spider Form       |       |     1 ||     1
  Use: Potion            |       |     3 ||     3
 Stab: Sleeping          |     1 |       ||     1
  Eat: Chunk             |     1 |     2 ||     3
       Ration            |       |     1 ||     1
Armor: Skin              |    33 |    16 ||    49
Dodge: Dodged            |    75 |    62 ||   137
